MLB
ST. LOUIS CARDINALS @ COLORADO ROCKIES
09/11/2019
 
TOP OF THE 1ST
St. Louis Cardinals batting - Pitching for Colorado Rockies : RHP Dean Kremer
Pitching: RHP Dean Kremer
Batting: SHB Ozzie Albies 0-0: Called Strike
0-1: Foul Ball, location: 2F
0-2: Ball
1-2: Fly out, F8 (Flyball, 8LXD, EV 92.5 MPH)
Batting: RHB Alex Bregman 0-0: Ball
1-0: Fly out, F6 (Popup, 56D, EV 66.9 MPH)
Batting: RHB Jose Alberto Martinez 0-0: Swinging Strike
0-1: Fly out, F9 (Flyball, 9LM, EV 85.0 MPH)
Top of the 1st over - 0 runs, 0 hits, 0 errors, 0 left on base; St. Louis 0 - Colorado 0
BOTTOM OF THE 1ST
Colorado Rockies batting - Pitching for St. Louis Cardinals : RHP Jesse Hahn
Pitching: RHP Jesse Hahn
Batting: RHB Anthony Alford 0-0: Swinging Strike
0-1: Ball
1-1: Ball
2-1: Swinging Strike
2-2: Ground out 6-3 (Groundball, 6, EV 83.8 MPH)
Batting: RHB Dustin Peterson 0-0: Called Strike
0-1: Ball
1-1: Fly out, F9 (Flyball, 9LD, EV 103.8 MPH)
Batting: RHB Mike Trout 0-0: Called Strike
0-1: Ball
1-1: Foul Ball, location: 2F
1-2: Ball
2-2: Foul Ball, location: 2F
2-2: Foul Ball, location: 2F
2-2: Ball
3-2: Foul Ball, location: 2F
3-2: Ground out 5-3 (Groundball, 5, EV 79.4 MPH)
Bottom of the 1st over - 0 runs, 0 hits, 0 errors, 0 left on base; St. Louis 0 - Colorado 0
TOP OF THE 2ND
St. Louis Cardinals batting - Pitching for Colorado Rockies : RHP Dean Kremer
Batting: LHB Matt Olson 0-0: Ball
1-0: Ball
2-0: Called Strike
2-1: Foul Ball, location: 2F
2-2: Foul Ball, location: 2F
2-2: Fly out, F7 (Line Drive, 7, EV 94.4 MPH)
Batting: LHB Alex Avila 0-0: Foul Ball, location: 2F
0-1: Foul Ball, location: 2F
0-2: Ball
1-2: Strikes out swinging
Batting: LHB Brett Phillips 0-0: Ball
1-0: Swinging Strike
1-1: Ball
2-1: Ball
3-1: Base on Balls
Batting: RHB Harrison Bader 0-0: Ball
1-0: Fielders Choice at 2nd, 5-4 (Groundball, 5, EV 99.4 MPH)
Top of the 2nd over - 0 runs, 0 hits, 0 errors, 1 left on base; St. Louis 0 - Colorado 0
BOTTOM OF THE 2ND
Colorado Rockies batting - Pitching for St. Louis Cardinals : RHP Jesse Hahn
Batting: RHB Brandon Drury 0-0: Called Strike
0-1: Foul Ball, location: 2F
0-2: Hit by Pitch
Batting: LHB Tommy La Stella 0-0: Ball
1-0: Called Strike
1-1: Ball
2-1: Grounds into double play, 4-6-3 (Groundball, 34, EV 78.1 MPH)
Batting: RHB Sean Rodriguez 0-0: Ball
1-0: SOLO HOME RUN (Flyball, 7LD, EV 97.5 MPH), Distance : 356 ft
Batting: RHB JaCoby Jones 0-0: Ground out 2-3 (Groundball, 15S, EV 66.9 MPH)
Bottom of the 2nd over - 1 run, 1 hit, 0 errors, 0 left on base; St. Louis 0 - Colorado 1
TOP OF THE 3RD
St. Louis Cardinals batting - Pitching for Colorado Rockies : RHP Dean Kremer
Batting: RHB Yan Gomes 0-0: Ball
1-0: Foul Ball, location: 2F
1-1: Foul Ball, location: 2F
1-2: Ball
2-2: Strikes out swinging
Batting: RHB Jesse Hahn 0-0: Ball
1-0: Ball
2-0: Ball
3-0: Base on Balls
Batting: SHB Ozzie Albies 0-0: Ball
1-0: Ball
2-0: 2-RUN HOME RUN (Flyball, 9D, EV 103.8 MPH), Distance : 388 ft
Batting: RHB Alex Bregman 0-0: Ball
1-0: Ball
2-0: Foul Ball, location: 2F
2-1: Ball
3-1: Ground out 1-3 (Groundball, 23, EV 66.9 MPH)
Batting: RHB Jose Alberto Martinez 0-0: Swinging Strike
0-1: Ball
1-1: Swinging Strike
1-2: Ball
2-2: SINGLE (Groundball, 56, EV 99.4 MPH) (infield hit)
Batting: LHB Matt Olson 0-0: Swinging Strike
0-1: Foul Ball, location: 2F
0-2: Foul Ball, location: 2F
0-2: SINGLE (Groundball, 34D, EV 108.1 MPH)
Jose Alberto Martinez to second
Batting: LHB Alex Avila 0-0: Ball
1-0: Ball
2-0: Foul Ball, location: 2F
2-1: Ball
3-1: Base on Balls
Jose Alberto Martinez to third
Matt Olson to second
Batting: LHB Brett Phillips 0-0: Called Strike
0-1: Ball
1-1: Ball
2-1: Fly out, F8 (Flyball, 8RM, EV 88.1 MPH)
Top of the 3rd over - 2 runs, 3 hits, 0 errors, 3 left on base; St. Louis 2 - Colorado 1
BOTTOM OF THE 3RD
Colorado Rockies batting - Pitching for St. Louis Cardinals : RHP Jesse Hahn
Batting: LHB Nick Ciuffo 0-0: Swinging Strike
0-1: Ball
1-1: Ball
2-1: Foul Ball, location: 2F
2-2: Ball
3-2: Strikes out swinging
Batting: RHB Dean Kremer 0-0: Ball
1-0: Swinging Strike
1-1: Swinging Strike
1-2: Strikes out swinging
Batting: RHB Anthony Alford 0-0: Foul Ball, location: 2F
0-1: Ball
1-1: Ball
2-1: SINGLE (Line Drive, 56, EV 94.4 MPH)
Batting: RHB Dustin Peterson 0-0: Called Strike
0-1: Ball
1-1: Foul Ball, location: 2F
1-2: Ball
Anthony Alford is caught stealing 2nd base 2-4
Bottom of the 3rd over - 0 runs, 1 hit, 0 errors, 0 left on base; St. Louis 2 - Colorado 1
TOP OF THE 4TH
St. Louis Cardinals batting - Pitching for Colorado Rockies : RHP Dean Kremer
Batting: RHB Harrison Bader 0-0: Ball
1-0: Foul Ball, location: 2F
1-1: SINGLE (Line Drive, 34, EV 104.4 MPH)
Batting: RHB Yan Gomes 0-0: Ball
1-0: Swinging Strike
1-1: Ball
2-1: Swinging Strike
2-2: Strikes out swinging
Batting: RHB Jesse Hahn 0-0: Ball
Harrison Bader steals 2nd base
1-0: Foul Ball, location: 2F
1-1: Ball
2-1: Foul Ball, location: 2F
2-2: Strikes out swinging
Pitching: RHP Dan Straily
Batting: SHB Ozzie Albies 0-0: Ball
1-0: Called Strike
1-1: Ball
2-1: Ball
3-1: Base on Balls
Batting: RHB Alex Bregman 0-0: Foul Ball, location: 2F
0-1: Swinging Strike
0-2: Ball
1-2: Ball
2-2: Ground out 6-3 (Groundball, 6S, EV 83.1 MPH)
Top of the 4th over - 0 runs, 1 hit, 0 errors, 2 left on base; St. Louis 2 - Colorado 1
BOTTOM OF THE 4TH
Colorado Rockies batting - Pitching for St. Louis Cardinals : RHP Jesse Hahn
Batting: RHB Dustin Peterson 0-0: Swinging Strike
0-1: SINGLE (Groundball, 6MD, EV 107.5 MPH)
Batting: RHB Mike Trout 0-0: Ball
1-0: Ball
2-0: Called Strike
2-1: Ball
3-1: Foul Ball, location: 2F
3-2: Fly out, F9 (Flyball, 9, EV 95.0 MPH)
Batting: RHB Brandon Drury 0-0: Fly out, F8 (Flyball, 8RM, EV 84.4 MPH)
Batting: LHB Tommy La Stella 0-0: Called Strike
0-1: Foul Ball, location: 2F
0-2: Foul Ball, location: 2F
0-2: Ground out 4-3 (Groundball, 34, EV 98.1 MPH)
Bottom of the 4th over - 0 runs, 1 hit, 0 errors, 1 left on base; St. Louis 2 - Colorado 1
TOP OF THE 5TH
St. Louis Cardinals batting - Pitching for Colorado Rockies : RHP Dan Straily
Batting: RHB Jose Alberto Martinez 0-0: Foul Ball, location: 2F
0-1: Ball
1-1: Swinging Strike
1-2: Ball
2-2: Ball
3-2: Ground out 4-3 (Groundball, 34, EV 103.1 MPH)
Batting: LHB Matt Olson 0-0: Foul Ball, location: 2F
0-1: Ball
1-1: Ball
2-1: Ball
3-1: Base on Balls
Batting: LHB Alex Avila 0-0: Fly out, F9 (Flyball, 9LM, EV 107.5 MPH)
Batting: LHB Brett Phillips 0-0: Ball
1-0: Ball
2-0: Swinging Strike
2-1: Swinging Strike
2-2: Ball
3-2: Strikes out swinging
Top of the 5th over - 0 runs, 0 hits, 0 errors, 1 left on base; St. Louis 2 - Colorado 1
BOTTOM OF THE 5TH
Colorado Rockies batting - Pitching for St. Louis Cardinals : RHP Jesse Hahn
Batting: RHB Sean Rodriguez 0-0: Ball
1-0: Foul Ball, location: 2F
1-1: Ball
2-1: DOUBLE (Flyball, 78D, EV 103.1 MPH)
Batting: RHB JaCoby Jones 0-0: Ball
1-0: Sac Bunt to 15 - play at third, runner OUT! 1-6
Batting: LHB Nick Ciuffo 0-0: Called Strike
0-1: SINGLE (Line Drive, 8LS, EV 93.8 MPH)
JaCoby Jones to second
Pinch Hitting: RHB Marty Herum 0-0: Fielders Choice at 2nd, 6-4 (Groundball, 6, EV 91.9 MPH)
JaCoby Jones to third
Batting: RHB Anthony Alford 0-0: Ball
1-0: Foul Ball, location: 2F
1-1: Fielders Choice at 2nd, U4 (Groundball, 4M, EV 80.6 MPH)
Bottom of the 5th over - 0 runs, 2 hits, 0 errors, 2 left on base; St. Louis 2 - Colorado 1
TOP OF THE 6TH
St. Louis Cardinals batting - Pitching for Colorado Rockies : RHP Dan Straily
Pitching: RHP Mauricio Cabrera
Batting: RHB Harrison Bader 0-0: Foul Ball, location: 2F
0-1: Swinging Strike
0-2: Ball
1-2: Ball
2-2: Strikes out swinging
Batting: RHB Yan Gomes 0-0: Called Strike
0-1: Called Strike
0-2: Ball
1-2: Foul Ball, location: 2F
1-2: Ball
2-2: Ball
3-2: Strikes out swinging
Batting: RHB Jesse Hahn 0-0: Ball
1-0: Swinging Strike
1-1: Foul Ball, location: 2F
1-2: Strikes out swinging
Top of the 6th over - 0 runs, 0 hits, 0 errors, 0 left on base; St. Louis 2 - Colorado 1
BOTTOM OF THE 6TH
Colorado Rockies batting - Pitching for St. Louis Cardinals : RHP Jesse Hahn
Batting: RHB Dustin Peterson 0-0: Swinging Strike
0-1: Ball
1-1: Fly out, F8 (Line Drive, 8LM, EV 97.5 MPH)
Batting: RHB Mike Trout 0-0: Called Strike
0-1: Ball
1-1: Fly out, F7 (Flyball, 7D, EV 103.8 MPH)
Batting: RHB Brandon Drury 0-0: Ball
1-0: Foul Ball, location: 2F
1-1: Ball
2-1: Foul Ball, location: 2F
2-2: SOLO HOME RUN (Flyball, 7LD, EV 105.6 MPH), Distance : 352 ft
Batting: LHB Tommy La Stella 0-0: SINGLE (Groundball, 4MD, EV 95.0 MPH)
Batting: RHB Sean Rodriguez 0-0: Foul Ball, location: 2F
0-1: Called Strike
0-2: Strikes out looking
Bottom of the 6th over - 1 run, 2 hits, 0 errors, 1 left on base; St. Louis 2 - Colorado 2
TOP OF THE 7TH
St. Louis Cardinals batting - Pitching for Colorado Rockies : RHP Mauricio Cabrera
Pitching: LHP Gabriel Moya
Batting: SHB Ozzie Albies 0-0: Foul Ball, location: 2F
0-1: Foul Ball, location: 2F
0-2: Ball
1-2: Ground out 1-3 (Groundball, 34S, EV 64.4 MPH)
Batting: RHB Alex Bregman 0-0: Called Strike
0-1: Fly out, F7 (Flyball, 78S, EV 88.8 MPH)
Batting: RHB Jose Alberto Martinez 0-0: Called Strike
0-1: Foul Ball, location: 2F
0-2: Ball
1-2: Ball
2-2: Strikes out swinging
Top of the 7th over - 0 runs, 0 hits, 0 errors, 0 left on base; St. Louis 2 - Colorado 2
BOTTOM OF THE 7TH
Colorado Rockies batting - Pitching for St. Louis Cardinals : RHP Jesse Hahn
Pitching: RHP Zac Reininger
Batting: RHB JaCoby Jones 0-0: Ball
1-0: Ball
2-0: Called Strike
2-1: Called Strike
2-2: Strikes out looking
Batting: LHB Nick Ciuffo 0-0: SINGLE (Line Drive, 7LS, EV 104.4 MPH)
Pinch Hitting: SHB Luis Sardinas 0-0: Ball
1-0: Ball
2-0: Called Strike
2-1: Foul Ball, location: 2F
2-2: Ball
3-2: Foul Ball, location: 2F
3-2: Strikes out swinging
Batting: RHB Anthony Alford 0-0: Foul Ball, location: 2F
0-1: Foul Ball, location: 2F
0-2: Ball
1-2: Ground out 4-3 (Groundball, 4, EV 79.4 MPH)
Bottom of the 7th over - 0 runs, 1 hit, 0 errors, 1 left on base; St. Louis 2 - Colorado 2
TOP OF THE 8TH
St. Louis Cardinals batting - Pitching for Colorado Rockies : LHP Gabriel Moya
Pitching: LHP Jeffrey Springs
Batting: LHB Matt Olson 0-0: Fly out, F7 (Flyball, 7S, EV 84.4 MPH)
Batting: LHB Alex Avila 0-0: Foul Ball, location: 2F
0-1: Foul Ball, location: 2F
0-2: Ball
1-2: Ball
2-2: Ball
3-2: Foul Ball, location: 2F
3-2: Strikes out looking
Batting: LHB Brett Phillips 0-0: Ground out 1-3 (Groundball, 13, EV 89.4 MPH)
Top of the 8th over - 0 runs, 0 hits, 0 errors, 0 left on base; St. Louis 2 - Colorado 2
BOTTOM OF THE 8TH
Colorado Rockies batting - Pitching for St. Louis Cardinals : RHP Zac Reininger
Pitching: RHP Fernando Rodney
Batting: RHB Dustin Peterson 0-0: Foul Ball, location: 2F
0-1: Ball
1-1: Foul Ball, location: 2F
1-2: DOUBLE (Line Drive, 78XD, EV 103.8 MPH)
Batting: RHB Mike Trout 0-0: Intentional Walk
Pitching: RHP Cory Gearrin
Batting: RHB Brandon Drury 0-0: Called Strike
0-1: Fielders Choice at 2nd, 1-6 (Groundball, 34S, EV 79.4 MPH)
Dustin Peterson to third
Batting: LHB Tommy La Stella 0-0: Ball
1-0: Ball
Wild Pitch!
Dustin Peterson scores
Brandon Drury to second
2-0: Called Strike
2-1: Ground out 4-3 (Groundball, 4, EV 98.8 MPH)
Brandon Drury to third
Batting: RHB Sean Rodriguez 0-0: Ball
1-0: Ball
2-0: Called Strike
2-1: Ground out 6-3 (Groundball, 6, EV 83.1 MPH)
Bottom of the 8th over - 1 run, 1 hit, 0 errors, 1 left on base; St. Louis 2 - Colorado 3
TOP OF THE 9TH
St. Louis Cardinals batting - Pitching for Colorado Rockies : LHP Jeffrey Springs
Pitching: RHP Rafael De Paula
Now at 1B: Patrick Mazeika
Now at 3B: Joe DeCarlo
Pinch Hitting: LHB Juan Soto 0-0: Called Strike
0-1: Foul Ball, location: 2F
0-2: Strikes out swinging
Pinch Hitting: LHB Austin Meadows 0-0: Called Strike
0-1: Called Strike
0-2: Ball
1-2: Ball
2-2: Foul Ball, location: 2F
2-2: Strikes out swinging
Pinch Hitting: RHB Hernan Perez 0-0: Ball
1-0: Called Strike
1-1: Foul Ball, location: 2F
1-2: Foul Ball, location: 2F
1-2: Ball
2-2: Ball
3-2: Foul Ball, location: 2F
3-2: Foul Ball, location: 2F
3-2: Foul Ball, location: 2F
3-2: Strikes out swinging
Top of the 9th over - 0 runs, 0 hits, 0 errors, 0 left on base; St. Louis 2 - Colorado 3
Monday, December 16th, 2019 - OOTP Baseball 20.8 Build 73